 Dungeon Crawl Stone Soup version 0.31-a0-833-gc15d34cb79 (webtiles) character file.

Game seed: 5630235577088528019

686 Kurtz the Cleaver (level 7, -5/46 HPs)
             Began as an Octopode Fighter on Sept 25, 2023.
             Was an Initiate of Makhleb.
             Slain by a gnoll sergeant
             ... wielding a +0 spear
              (11 damage)
             ... on level 5 of the Dungeon.
             The game lasted 00:05:22 (4085 turns).

Kurtz the Cleaver (Octopode Fighter)                Turns: 4085, Time: 00:05:23

Health: -5/46      AC:  1    Str: 16    XL:     7   Next: 62%
Magic:  8/8        EV: 13    Int: 10    God:    Makhleb [......]
Gold:   92         SH:  4    Dex: 13    Spells: 6/6 levels left

rFire   . . .        a - +0 war axe
rCold   . . .        b - +0 buckler
rNeg    . . .        (helmet restricted)
rPois   .            (no amulet)
rElec   .            (no ring)
rCorr   .            (no ring)
SInv    .            (no ring)
Will    .....        (no ring)
Stlth   ++           (no ring)
HPRegen 0.27/turn    (no ring)
MPRegen 0.11/turn    (no ring)
                     (no ring)

%: no passive effects
@: lethally poisoned (-5 -> -11), about to teleport, on berserk cooldown,
slowed, very slow
A: almost no armour, amphibious, 8 rings, camouflage 1, gelatinous body 1,
(nimble swimmer 1), tentacles
a: Renounce Religion


You were on level 5 of the Dungeon.
You worshipped Makhleb.
Makhleb was noncommittal.
You visited 2 branches of the dungeon, and saw 6 of its levels.
You also visited: Sewer.

You collected 204 gold pieces.
You spent 112 gold pieces at shops.

Inventory:

Hand Weapons
 a - a +0 war axe (weapon)
Armour
 b - a +0 buckler (worn)
Jewellery
 l - an amulet of faith
Scrolls
 d - a scroll of teleportation
 g - 2 scrolls of vulnerability {unknown}
 i - 3 scrolls of noise {unknown}
 j - 2 scrolls of fog {unknown}
 k - a scroll of acquirement {unknown}
 p - 4 scrolls of identify {unknown}
Potions
 c - 2 potions of heal wounds
 e - a potion of resistance {unknown}
 f - 2 potions of berserk rage
 h - a potion of brilliance {unknown}
 m - 4 potions of curing
 n - a potion of lignification {unknown}
 o - 2 potions of attraction {unknown}
 q - a potion of magic {unknown}
 r - a potion of invisibility {unknown}
 s - a potion of might
 t - 2 potions of haste {unknown}


   Skills:
 - Level 3.0 Fighting
 + Level 8.0 Axes
 - Level 3.0 Dodging
 - Level 3.0 Shields
 * Level 2.1 Invocations


You had 6 spell levels left.
You didn't know any spells.
Your spell library contained the following spells:

 Spells                   Type           Power      Damage    Failure   Level
 Apportation              Tloc           0%         N/A       43%         1
 Necrotise                Necr           0%         1d4       43%         1
 Summon Small Mammal      Summ           0%         N/A       43%         1


Dungeon Overview and Level Annotations

Branches:
Dungeon (5/15)             Temple (1/1) D:4           Sewer (visited)

Altars:
Ashenzari
Dithmenos
Elyvilon
Fedhas
Gozag
Makhleb
Trog
Uskayaw
Vehumet
Wu Jian
Xom
Zin
The Shining One

Shops:
D:4 *

Annotations:
D:3 1 runed translucent door, Crazy Yiuf
D:4 exclusion: ogre


Innate Abilities, Weirdness & Mutations

You cannot wear most types of armour.
You are amphibious.
You can wear up to eight rings at the same time.
Your skin changes colour to match your surroundings (Stealth+).
Your rubbery body absorbs attacks. (AC +1, EV +1)
((You are camouflaged when in or above water. (Stealth+)))
You have tentacles for arms and can constrict up to eight enemies at once.


Message History

The adder closely misses you.
Okay, then.
The adder attacks as it pursues you! You block the adder's attack.
The adder bites you but does no damage. The adder bites you but does no damage.
You see here a +0 giant club.
The adder bites you.
You are poisoned.
The adder poisons you!
You feel sick. The adder attacks as it pursues you!
You block the adder's attack. The adder bites you.
* * * LOW HITPOINT WARNING * * *
You block the gnoll sergeant's attack.
You feel much better.
You feel sick. The adder closely misses you. The gnoll sergeant misses you.
You block the adder's attack.
You feel sick.
You are no longer poisoned.
The adder attacks as it pursues you! The adder bites you.
The adder attacks as it pursues you! You block the adder's attack.
The adder misses you.
The gnoll sergeant attacks as it pursues you!
The gnoll sergeant hits you from afar with a +0 spear!
Okay, then.
As you read the scroll labelled VUGRIAR KERAGO, it crumbles to dust.
You feel strangely unstable.
It was a scroll of teleportation.
The adder bites you.
The gnoll sergeant hits you from afar with a +0 spear!
* * * LOW HITPOINT WARNING * * *
The adder bites you.
* * * LOW HITPOINT WARNING * * *
You block the gnoll sergeant's attack. You block the adder's attack.
The adder attacks as it pursues you! The adder bites you.
* * * LOW HITPOINT WARNING * * *
The adder bites you.
* * * LOW HITPOINT WARNING * * *
You are lethally poisoned!
The adder poisons you!
The gnoll sergeant hits you from afar with a +0 spear!
You die...

#.... ...
#####.######.....
#............#
#.####.#######
#.# #.# #.# #.#
#[####.# #....#.#
####.#@# #.#S#
#.#g# # #.#g# .#
#.#g########..#
#.#..)gg.[....#
#.#########...#
#......<# .#...#
######### .# #..#


You could see a gnoll sergeant, 2 gnolls and an adder.

Vanquished Creatures
  2 ogres
  A scorpion (D:4)
  A howler monkey (D:5)
  3 hounds (D:4)
  4 jellies
  10 adders
  4 river rats
  A worm (D:2)
  3 orcs (D:3)
  9 ball pythons
  5 endoplasms
  6 giant cockroaches
  8 goblins
  6 hobgoblins
  7 quokkas
  3 bats
  4 frilled lizards
  3 kobolds
  12 rats
92 creatures vanquished.

Notes
Turn   | Place    | Note
-------+----------+-------------------------------------------
     0 | D:1      | Kurtz the Octopode Fighter began the quest for the Orb.
     0 | D:1      | Reached XP level 1. HP: 16/16 MP: 1/1
   274 | D:1      | Reached XP level 2. HP: 21/21 MP: 2/2
   790 | D:2      | Reached skill level 3 in Axes
   912 | D:2      | Reached XP level 3. HP: 23/26 MP: 3/3
  1509 | D:2      | Reached skill level 4 in Axes
  1697 | D:3      | Reached XP level 4. HP: 31/31 MP: 4/4
  1813 | D:3      | Found a glowing drain.
  1816 | D:3      | Reached skill level 5 in Axes
  1816 | D:3      | Reached XP level 5. HP: 36/36 MP: 5/5
  1819 | Sewer    | Entered a sewer
  1919 | Sewer    | Found a shimmering altar of Xom.
  2059 | Sewer    | Reached skill level 6 in Axes
  2089 | Sewer    | Reached XP level 6. HP: 38/42 MP: 6/6
  2721 | D:3      | Found a shimmering altar of Xom.
  2817 | D:3      | Found a runed translucent door.
  2818 | D:3      | Noticed Crazy Yiuf
  3195 | D:4      | Found a staircase to the Ecumenical Temple.
  3212 | Temple   | Entered the Ecumenical Temple
  3227 | Temple   | Became a worshipper of Makhleb the Destroyer
  3359 | D:4      | Reached skill level 7 in Axes
  3408 | D:4      | Found Wodiukk's General Store.
  3425 | D:4      | Reached skill level 1 in Invocations
  3425 | D:4      | Reached XP level 7. HP: 19/46 MP: 7/7
  3433 | D:4      | Bought a potion of curing for 42 gold pieces
  3433 | D:4      | Bought a potion of berserk rage for 70 gold pieces
  3604 | D:4      | Found a glowing silver altar of Zin.
  3607 | D:4      | Found a glowing golden altar of the Shining One.
  3609 | D:4      | Found a white marble altar of Elyvilon.
  4014 | D:5      | Entered Level 5 of the Dungeon
  4067 | D:5      | Reached skill level 8 in Axes
  4085 | D:5      | Slain by a gnoll sergeant

Illustrated notes

Levels and vault maps discovered:
D:1:      beargit_arrival_diablo_church, layout_loops_ring
D:2:      layout_loops_corners
D:3:      layout_basic, old_standard_altar, gup_sewer_entry_spiral,
          minmay_surrounded, uniq_crazy_yiuf_cottage
D:4:      layout_loops_ring, good_gods_mini_temple, temple_fountains,
          serial_shops, shop, nicolae_elevator_lobby_asterisk
D:5:      layout_basic, nzn_hepliaklqana_mist_gate, uniq_blork_the_orc
Temple:   hellmonk_temple_rainy

Skill      XL: |  1  2  3  4  5  6  7 |
---------------+----------------------+-----
Axes           | 3 4 5 6 7 8 |  8.0
Invocations    | 1 2 |  2.1
Fighting       | |  3.0
Dodging        | |  3.0
Shields        | |  3.0

Action                     |  1- 3 |  4- 6 |  7- 9 || total
---------------------------+-------+-------+-------++-------
  Melee: War axe           |    45 |   104 |    19 ||   168
         Constrict         |     9 |    28 |     4 ||    41
         Tentacles         |     6 |    20 |     4 ||    30
    Use: Potion            |       |     1 |     3 ||     4
         Scroll            |       |       |     1 ||     1
   Stab: Sleeping          |    12 |     8 |     2 ||    22
 Armour: Skin              |    18 |    40 |    23 ||    81
  Dodge: Dodged            |    26 |    44 |    23 ||    93
  Block: Buckler           |     4 |    19 |    11 ||    34

Table legend: (Time is in decaauts)
 A = Elapsed time spent in this place.
 B = Non-inter-level travel time spent in this place.
 C = Inter-level travel time spent in this place.
 D = Time resting spent in this place.
 E = Time spent auto-exploring this place.
 F = Levels seen in this place.
 G = Mean time per level.
                   A        B        C        D        E       F      G
               +--------+--------+--------+--------+--------+-----+--------+
         Total |   4140 |   3996 |    144 |    209 |   3080 |   7 |  591.4 |
       Dungeon |   3808 |   3670 |    138 |    209 |   2908 |   5 |  761.6 |
        Temple |     22 |     16 |      6 |      0 |      5 |   1 |   22.0 |
         Sewer |    309 |    309 |      0 |      0 |    167 |   1 |  309.0 |
               +--------+--------+--------+--------+--------+-----+--------+

Top non-repeatable levels by time:
     D:3: 1160 daAuts
     D:2: 959 daAuts
     D:4: 924 daAuts
     D:1: 686 daAuts
   Sewer: 309 daAuts
     D:5: 77 daAuts
  Temple: 22 daAuts
